Map: Galactic Process LE

Players

Gracz

  • Race: Protoss Protoss
  • League: Silver

Henzelt - Winner!

  • Race: Protoss Protoss
  • League: Silver

VOD

Have the link to the VOD?

Description

Time

  • Played on: Oct. 25, 2016, 1:09 p.m.
  • Length: 4:16
Show
View Real Time Build Order
Export as new Build Order

Gracz Protoss 

Build Orders: 1 Gate Expand 

Get SALT Encoding   

  12  0:01  Probe (Chrono Boost)  
  13  0:15  Pylon  
  13  0:17  Probe (Chrono Boost)  
  14  0:34  Gateway  
  14  0:37  Assimilator  
  14  0:40  Probe (Chrono Boost)  
  15  1:14  Probe (Chrono Boost)  
  15  1:15  Unknown, Nexus  
  16  1:24  Probe (Chrono Boost)  
  17  1:32  Cybernetics Core  
  17  1:36  Probe (Chrono Boost)  
  19  1:47  Probe (Chrono Boost)  
  19  1:53  Pylon  
  19  1:55  Assimilator  
  19  1:58  Probe (Chrono Boost)  
  20  2:14  Probe (Chrono Boost)  
  21  2:27  Unknown  
  21  2:36  Stargate  
  21  2:48  Stargate  
  21  2:53  Probe x2 (Chrono Boost)  
  23  2:59  Gateway  
  23  3:03  Probe (Chrono Boost)  
  24  3:06  Gateway  
Show
View Real Time Build Order
Export as new Build Order

Henzelt Protoss - Winner!

Build Orders:  

Get SALT Encoding   

  12  0:12  Pylon  
  12  0:34  Gateway  
  12  0:38  Gateway  
  12  0:53  Pylon  
  12  1:04  Pylon  
  12  1:22  Zealot  
  12  1:30  Zealot  
  16  1:46  Zealot  
  18  1:57  Zealot  
  20  2:09  Zealot  
  22  2:24  Zealot  
  24  2:33  Zealot  
  26  2:51  Zealot  
  28  2:53  Pylon  
  28  2:56  Zealot  
  30  3:18  Zealot  
  32  3:20  Zealot  
  32  3:43  Zealot  
  32  3:45  Zealot  
Tags
 
Add a new tag
Caveats
  • Supply blocks, unpowered buildings, or Contaminate may cause inaccurate times.
  • Supply counts are checked every 10 seconds.